 Dungeon Crawl Stone Soup version 0.17-a0-1522-g6c5b4ba (webtiles) character file.

301 orochimarko the Covert (level 6, 0/35 HPs)
             Began as a Kobold Assassin on July 13, 2015.
             Was a Follower of Qazlal.
             Slain by an adder (2 damage)
             ... in a sewer on July 14, 2015.
             The game lasted 00:44:16 (2226 turns).

orochimarko the Covert (Kobold Assassin)            Turns: 2226, Time: 00:44:16

Health: 0/35       AC:  4    Str:  9    XL:     6   Next: 64%
Magic:  6/6        EV: 15    Int:  9    God:    Qazlal [*.....]
Gold:   189        SH:  1    Dex: 20    Spells: 0 memorised, 5 levels left

rFire  . . .     SeeInvis .     a - +2 dagger
rCold  . . .     Clarity  .     l - +0 leather armour
rNeg   . . .     SustAt   .     (shield restricted)
rPois  .         Gourm    .     (no helmet)
rElec  .         Spirit   .     d - +0 cloak
rCorr  .         Warding  .     (no gloves)
rMut   .         Stasis   .     (no boots)
MR     .....                    (no amulet)
Stlth  ++........               (no ring)
                                (no ring)

@: lethally poisoned (0 -> -6), not resistant to hostile enchantments,
unstealthy
A: carnivore 3
a: Renounce Religion


You were in a sewer.
You worshipped Qazlal.
Qazlal was aware of your devotion.
You were not hungry.

You visited 1 branch of the dungeon, and saw 3 of its levels.
You also visited: Sewer.

You collected 189 gold pieces.

Inventory:

Hand weapons
 a - a +2 dagger (weapon)
 b - a +0 blowgun
 s - a +0 short sword
 t - a +0 scythe
 v - a +2 hand axe of freezing
Missiles
 e - 9 poisoned needles (quivered)
 f - 7 curare-tipped needles
 m - 83 stones
 x - 19 arrows
Armour
 c - a +0 robe
 d - a +0 cloak (worn)
 l - a +0 leather armour (worn)
 r - a +0 ring mail
 u - a +0 robe
 w - a +0 leather armour
Scrolls
 h - 3 scrolls of identify
 k - 3 scrolls of magic mapping
 n - a scroll of teleportation {unknown}
 q - a scroll of blinking {unknown}
Potions
 j - a potion of curing {unknown}
Comestibles
 g - a meat ration
 i - 3 bread rations
 o - a beef jerky
 p - a slice of pizza
 z - 5 chunks of flesh


   Skills:
 + Level 2.2 Fighting
 * Level 3.9 Short Blades
 * Level 4.7 Throwing
 + Level 0.5 Armour
 * Level 2.6 Dodging
 * Level 8.2 Stealth


You had 5 spell levels left.
You didn't know any spells.

Dungeon Overview and Level Annotations

Branches:
Dungeon (3/15)

Altars:
Cheibriados
Nemelex Xobeh
Qazlal
The Shining One


Innate Abilities, Weirdness & Mutations

You are small and have problems with some larger weapons.
You are carnivorous and can eat meat at any time.


Message History

The worm bites you but does no damage. The adder misses you.
You closely miss the adder.
You feel sick. You block the adder's attack.
Your unstable footing causes you to fumble your attack.
The worm looks more healthy.
The worm bites you. The adder barely misses you.
You hit the adder but do no damage. The adder bites you.
You are more poisoned.
The adder poisons you!
Your unstable footing causes you to fumble your attack.
You feel sick. The worm closely misses you. The adder closely misses you.
Your unstable footing causes you to fumble your attack.
The adder closely misses you.
You miss the adder.
You feel sick. The adder bites you. The worm misses you.
You barely miss the adder.
You feel sick. The adder closely misses you.
You hit the adder but do no damage. The adder barely misses you.
The worm bites you!
* * * LOW HITPOINT WARNING * * *
Your unstable footing causes you to fumble your attack.
* * * LOW HITPOINT WARNING * * *
You feel sick. The adder bites you.
You die...

≈. (.. ≈.. #≈# #≈# #(#
##≈## ##### ##.w@##
##...##
!≈#####.≈.S.####≈..÷.#
.≈≈≈≈≈≈≈.∩..≈≈≈≈.≈...#
..#####≈...≈####.....#
##.≈.## ##.≈.## ##≈##
##≈## #≈# #≈# ≈≈# #≈#
##≈# #≈#


You could see a worm and an adder.

Vanquished Creatures
  Sigmund (D:3)
  An orc priest (D:3)
  5 adders
  4 worms
  A giant gecko (D:2)
  3 orcs (D:3)
  A ball python (Sewer)
  6 bats
  6 giant cockroaches
  4 hobgoblins
  2 jackals (D:2)
  4 giant newts
  9 goblins
  6 kobolds
  9 rats
62 creatures vanquished.

Notes
Turn   | Place    | Note
--------------------------------------------------------------
     0 | D:1      | orochimarko the Kobold Assassin began the quest for the Orb.
     0 | D:1      | Reached XP level 1. HP: 12/12 MP: 1/1
   317 | D:1      | Reached XP level 2. HP: 17/17 MP: 2/2
   765 | D:1      | Upgraded the game from 0.17-a0-1519-g2001520 to 0.17-a0-1522-g6c5b4ba
   838 | D:2      | Reached skill level 6 in Stealth
   838 | D:2      | Reached XP level 3. HP: 19/21 MP: 3/3
  1057 | D:2      | Found a sparkling altar of Nemelex Xobeh.
  1060 | D:2      | Found a snail-covered altar of Cheibriados.
  1077 | D:2      | Found a stormy altar of Qazlal.
  1085 | D:2      | Reached XP level 4. HP: 19/26 MP: 4/4
  1176 | D:2      | Became a worshipper of Qazlal Stormbringer
  1414 | D:2      | Found a glowing golden altar of the Shining One.
  1565 | D:3      | Reached XP level 5. HP: 30/30 MP: 5/5
  1651 | D:3      | Noticed Sigmund
  1662 | D:3      | Killed Sigmund
  1662 | D:3      | Reached skill level 8 in Stealth
  1662 | D:3      | Reached XP level 6. HP: 35/35 MP: 6/6
  1903 | D:3      | Acquired Qazlal's first power
  2011 | D:3      | Found a glowing drain.
  2019 | Sewer    | Entered a sewer
  2226 | Sewer    | Slain by an adder

Vault maps used:
D:1:      wheals_arrival_shading, st_stairs_4
D:2:      grunt_temple_overflow_open, lemuel_coloured_pillars_altar
D:3:      lightli_sewer_entry_pipes, minmay_misc_feat_square,
          corexii_hall_statues_i, minmay_misc_feat_tower,
          kennysheep_generic_room_3, uniq_sigmund
Sewer:    sewer_co_15_rooms

Action                   |  1- 3 |  4- 6 || total
-------------------------+-------+-------++-------
Melee: Dagger            |    29 |    62 ||    91
 Fire: Blowgun           |    28 |    37 ||    65
Throw: Stone             |     7 |     3 ||    10
  Use: Scroll            |       |     1 ||     1
 Stab: Sleeping          |    10 |    20 ||    30
       Distracted        |     1 |     1 ||     2
  Eat: Chunk             |       |     4 ||     4
